Nordiques vs Flyers

Created - 7 mai 2024 at 17:20

Goals
1 2 3 T
Nordiques 0 1 2 3
Flyers 0 1 0 1
Shots
1 2 3 T
Nordiques 3 17 9 29
Flyers 16 14 8 38

GoalsPenalties
1st period
No Goal
Sebastian Aho (QUE) for Tripping (Minor) at 10:31
2nd period
1. Flyers , Patrick Kane 2 (Brock Faber 1, Travis Konecny 1) at 2:22 (PP)
2. Nordiques , Kirby Dach 1 (Shayne Gostisbehere 2) at 16:58
Sebastian Aho (QUE) for Slashing (Minor) at 1:03
3rd period
3. Nordiques , Paul Stastny 1 (Nils Hoglander 1) at 13:25
4. Nordiques , Lucas Raymond 1 (Shayne Gostisbehere 3, Mattias Ekholm 1) at 19:18 (Empty Net)
No Penalty
Goalie Stats
Semyon Varlamov (QUE), 37 saves from 38 shots - (0,974), W, 2-0-0, 60:00 minutes
Juuse Saros (PHI), 26 saves from 28 shots - (0,929), L, 0-2-0, 59:44 minutes
3 StarsOfficial
1 - Semyon Varlamov (QUE)
2 - Paul Stastny (QUE)
3 - Kirby Dach (QUE)
Referees : Sean MacFarlane and Robert Hennessey
Linesman : Jake Davis and Kelsey Mahoney
Game Note
Lucas Raymond has scored in a empty net!
Finance
Level 1 -- Attendance: 6000 (100,00%) -- Ticket Income $570,000
Level 2 -- Attendance: 5000 (100,00%) -- Ticket Income $270,000
Level 3 -- Attendance: 2000 (100,00%) -- Ticket Income $66,000
Level 4 -- Attendance: 4000 (100,00%) -- Ticket Income $88,000
Luxury Box -- Attendance: 1000 (100,00%) -- Ticket Income $165,000
Game was played at the Spectrum.
Total Attendance: 18000 (100,00%)
Total Ticket Income: $1,159,000
Other Income: $567,910
Total Income: $1,726,910



Team Name Goals Shots Shots Attemp Shots Blocked PIM HIT PP PK FO%
Nordiques 3295494220 / 0 (0,00%143%
Flyers 1387080191 / 2 (50%)057%

Nordiques
Player Name POS G A P +/- PIM HIT SHT SB MP PP MP PP SHT PK MP PK SHT FO% FOT GA TA
Alex NewhookC/LW0001002012:170:0000:000100% 100
Alexander WennbergC/LW/RW0001032121:540:0002:00043% 711
Cole SmithLW000101007:160:0000:0000% 100
Joel FarabeeLW0000032018:200:0000:4800% 010
Kirby DachC/RW1011027013:290:0001:1200% 100
Lucas RaymondLW/RW1011013020:260:0000:3010% 211
Marco RossiC0001000012:170:0000:00050% 1210
Martin FehervaryD0002002120:180:0001:2400% 003
Mattias EkholmD0111023227:400:0001:5400% 001
Nicklas BackstromC0000002017:420:0000:30067% 1210
Nils HoglanderLW/RW011100007:160:0000:0000% 000
Paul ByronC/LW/RW000000000:000:0000:0000% 000
Paul StastnyC/LW101102309:040:0001:24060% 510
Philippe MyersD0000010011:420:0000:0000% 001
Pius SuterC/RW0000050017:240:0000:1200% 000
Ryan LindgrenD0000000111:420:0000:0000% 000
Sebastian AhoC/LW/RW0001412119:550:0000:00031% 2940
Shayne GostisbehereD0221001327:400:0001:5400% 011
Travis SanheimD0002010020:180:0001:2400% 010
Flyers
Player Name POS G A P +/- PIM HIT SHT SB MP PP MP PP SHT PK MP PK SHT FO% FOT GA TA
Aaron EkbladD000-1001021:501:4100:0000% 020
Brock FaberD011-2020118:481:3700:0000% 000
Calle JarnkrokC/LW/RW000-1012116:010:0000:0000% 100
Dylan CozensC/LW/RW000-1010116:551:1700:00033% 300
Gabriel VilardiC/LW/RW000-1004016:010:0000:000100% 110
Joey AndersonRW000001008:540:0000:0000% 000
John MarinoD0000002019:220:0000:0000% 004
John-Jason PeterkaC/LW/RW000000008:540:0000:0000% 000
Kaiden GuhleD000-2030317:500:0000:0000% 000
Kevin FialaLW/RW000-1002016:551:1700:0000% 022
Leon DraisaitlC/LW000-1016018:102:0100:00058% 1901
Logan CoutureC/LW000-1007016:551:1700:00059% 1700
MacKenzie WeegarD000-1031221:501:4100:0000% 003
Noah HanifinD0000002020:201:3700:0000% 002
Patrick KaneLW/RW101-1003018:102:0110:0000% 210
Scott LaughtonC/LW/RW000-1036016:010:0000:00067% 2100
Travis KonecnyLW/RW011-1041018:102:0100:0000% 020
Wyatt JohnstonC000000108:540:0000:00050% 600

Nordiques

5 vs 5 Forward
Line #Left WingCenterRight WingPHYDFOFWanted %Time %Time Play
1Alexander WennbergSebastian AhoLucas Raymond1224035%19:25
2Joel FarabeeNicklas BackstromPius Suter1223031%17:12
3Alex NewhookMarco RossiKirby Dach1222022%12:17
4Cole SmithPaul StastnyNils Hoglander1221013%7:16
5 vs 5 Defense
Line #DefenseDefensePHYDFOFWanted %Time %Time Play
1Mattias EkholmShayne Gostisbehere1224038%21:18
2Martin FehervaryTravis Sanheim1223034%18:54
3Ryan LindgrenPhilippe Myers1222021%11:42
4Mattias EkholmShayne Gostisbehere122108%4:16
Power Play Forward
Line #Left WingCenterRight WingPHYDFOFWanted %Time %Time Play
1Alexander WennbergSebastian AhoLucas Raymond122600%0:00
2Joel FarabeeNicklas BackstromPius Suter122400%0:00
Power Play Defense
Line #DefenseDefensePHYDFOFWanted %Time %Time Play
1Mattias EkholmShayne Gostisbehere122600%0:00
2Martin FehervaryTravis Sanheim122400%0:00
Penalty Kill 4 Players Forward
Line #CenterWingPHYDFOFWanted %Time %Time Play
1Sebastian AhoAlexander Wennberg1226085%2:48
2Lucas RaymondNicklas Backstrom1224015%0:30
Penalty Kill 4 Players Defense
Line #DefenseDefensePHYDFOFWanted %Time %Time Play
1Mattias EkholmShayne Gostisbehere1226058%1:54
2Martin FehervaryTravis Sanheim1224042%1:24
Penalty Kill 3 Players
Line #WingPHYDFOFWanted %Time %Time PlayDefenseDefensePHYDFOFWanted %Time %Time Play
1Sebastian Aho122600%0:00 Mattias EkholmShayne Gostisbehere122600%0:00
2Alexander Wennberg122400%0:00 Martin FehervaryTravis Sanheim122400%0:00
4 vs 4 Forward
Line #CenterWingPHYDFOFWanted %Time %Time Play
1Sebastian AhoAlexander Wennberg122600%0:00
2Lucas RaymondNicklas Backstrom122400%0:00
4 vs 4 Defense
Line #DefensePHYDFOFWanted %Time %Time Play
1Mattias EkholmShayne Gostisbehere122600%0:00
2Martin FehervaryTravis Sanheim122400%0:00
Last Minutes Offensive
Left WingCenterRight WingDefenseDefense
Alexander WennbergSebastian AhoLucas RaymondMattias EkholmShayne Gostisbehere
Last Minutes Defensive
Left WingCenterRight WingDefenseDefense
Alexander WennbergSebastian AhoLucas RaymondMattias EkholmShayne Gostisbehere
Time
Total ForwardTotal DefenseLast Minutes OffensiveLast Minutes Defensive
60:00 60:00 0:000:32
Extra Forwards
Normal PowerPlayPenalty Kill
Marco Rossi, Alex Newhook, Paul StastnyMarco Rossi, Alex NewhookPaul Stastny
Extra Defensemen
Normal PowerPlayPenalty Kill
Ryan Lindgren, Mattias Ekholm, Martin FehervaryRyan Lindgren, Shayne GostisbehereMartin Fehervary
Penalty Shots
Sebastian Aho, Alexander Wennberg, Lucas Raymond, Nicklas Backstrom, Joel Farabee
Goalie
Semyon Varlamov, Jaroslav Halak
Custom OT Lines Forwards
Sebastian Aho, Alexander Wennberg, Lucas Raymond, Nicklas Backstrom, Joel Farabee, Marco Rossi, Alex Newhook, Pius Suter, Paul Stastny, Cole Smith
Custom OT Lines Defensemen
Mattias Ekholm, Shayne Gostisbehere, Martin Fehervary, Travis Sanheim, Ryan Lindgren
Scratches
Artyom Anisimov (Healthy), Pavel Francouz (Healthy)

Flyers

5 vs 5 Forward
Line #Left WingCenterRight WingPHYDFOFWanted %Time %Time Play
1Travis KonecnyLeon DraisaitlPatrick Kane0323028%16:09
2Kevin FialaLogan CoutureDylan Cozens0322828%15:38
3Calle JarnkrokScott LaughtonGabriel Vilardi0322828%16:01
4John-Jason PeterkaWyatt JohnstonJoey Anderson0231416%8:54
5 vs 5 Defense
Line #DefenseDefensePHYDFOFWanted %Time %Time Play
1Aaron EkbladMacKenzie Weegar1313636%20:09
2John MarinoNoah Hanifin1313435%19:35
3Brock FaberKaiden Guhle0323030%16:58
4Aaron EkbladMacKenzie Weegar12200%0:00
Power Play Forward
Line #Left WingCenterRight WingPHYDFOFWanted %Time %Time Play
1Patrick KaneLeon DraisaitlTravis Konecny0055561%2:01
2Kevin FialaLogan CoutureDylan Cozens0054539%1:17
Power Play Defense
Line #DefenseDefensePHYDFOFWanted %Time %Time Play
1Aaron EkbladMacKenzie Weegar0235751%1:41
2Brock FaberNoah Hanifin0234349%1:37
Penalty Kill 4 Players Forward
Line #CenterWingPHYDFOFWanted %Time %Time Play
1Scott LaughtonCalle Jarnkrok050520%0:00
2Logan CoutureJoey Anderson050480%0:00
Penalty Kill 4 Players Defense
Line #DefenseDefensePHYDFOFWanted %Time %Time Play
1John MarinoNoah Hanifin050550%0:00
2Aaron EkbladBrock Faber050450%0:00
Penalty Kill 3 Players
Line #WingPHYDFOFWanted %Time %Time PlayDefenseDefensePHYDFOFWanted %Time %Time Play
1Logan Couture050530%0:00 John MarinoNoah Hanifin050550%0:00
2Scott Laughton050470%0:00 Aaron EkbladBrock Faber050450%0:00
4 vs 4 Forward
Line #CenterWingPHYDFOFWanted %Time %Time Play
1Leon DraisaitlTravis Konecny023550%0:00
2Logan CouturePatrick Kane023450%0:00
4 vs 4 Defense
Line #DefensePHYDFOFWanted %Time %Time Play
1Aaron EkbladMacKenzie Weegar032600%0:00
2John MarinoNoah Hanifin032400%0:00
Last Minutes Offensive
Left WingCenterRight WingDefenseDefense
Patrick KaneLeon DraisaitlKevin FialaAaron EkbladNoah Hanifin
Last Minutes Defensive
Left WingCenterRight WingDefenseDefense
Travis KonecnyLeon DraisaitlLogan CoutureAaron EkbladNoah Hanifin
Time
Total ForwardTotal DefenseLast Minutes OffensiveLast Minutes Defensive
60:00 60:00 0:000:00
Extra Forwards
Normal PowerPlayPenalty Kill
Gabriel Vilardi, Scott Laughton, Wyatt JohnstonGabriel Vilardi, Wyatt JohnstonKevin Fiala
Extra Defensemen
Normal PowerPlayPenalty Kill
Noah Hanifin, Kaiden Guhle, Brock FaberJohn Marino, MacKenzie WeegarKaiden Guhle
Penalty Shots
Logan Couture, Patrick Kane, Leon Draisaitl, Calle Jarnkrok, Noah Hanifin
Goalie
Juuse Saros, Casey DeSmith
Custom OT Lines Forwards
Leon Draisaitl, Travis Konecny, Patrick Kane, Dylan Cozens, Kevin Fiala, Scott Laughton, Logan Couture, Gabriel Vilardi, Calle Jarnkrok, Wyatt Johnston
Custom OT Lines Defensemen
Aaron Ekblad, Noah Hanifin, MacKenzie Weegar, John Marino, Brock Faber
Scratches
Jesper Boqvist (Healthy)


Play-by-Play

1st period


0:01 of 1st period - Leon Draisaitl wins face-off versus Sebastian Aho in neutral zone.
0:14 of 1st period - Slapshot by Leon Draisaitl.
0:14 of 1st period - Stopped by Semyon Varlamov without a rebound.
0:15 of 1st period - Logan Couture wins face-off versus Nicklas Backstrom in Nordiques zone.
0:40 of 1st period - Travis Sanheim is hit by Scott Laughton.
0:46 of 1st period - Snap shot by Gabriel Vilardi.
0:46 of 1st period - Shot Misses the Net.
1:00 of 1st period - Backhand shot by Gabriel Vilardi.
1:00 of 1st period - Shot Misses the Net.
1:02 of 1st period - Snap shot by Joey Anderson.
1:02 of 1st period - Deflect By Wyatt Johnston.
1:02 of 1st period - Shot Misses the Net.
1:02 of 1st period - Puck is out of play.
1:03 of 1st period - Wyatt Johnston wins face-off versus Sebastian Aho in Nordiques zone.
3:03 of 1st period - Alexander Wennberg is hit by MacKenzie Weegar and loses puck.
3:50 of 1st period - Slapshot by Joel Farabee.
3:50 of 1st period - Shot Misses the Net.
4:09 of 1st period - Off-side.
4:10 of 1st period - Scott Laughton wins face-off versus Cole Smith in neutral zone.
4:15 of 1st period - Wrist shot by Calle Jarnkrok.
4:15 of 1st period - Shot Misses the Net.
4:17 of 1st period - Slapshot by MacKenzie Weegar.
4:17 of 1st period - Shot Blocked by Ryan Lindgren.
4:19 of 1st period - Slapshot by Aaron Ekblad.
4:19 of 1st period - Deflect By Cole Smith.
4:19 of 1st period - Stopped by Semyon Varlamov without a rebound.
4:20 of 1st period - Alexander Wennberg wins face-off versus Patrick Kane in Nordiques zone.
4:25 of 1st period - Slapshot by Leon Draisaitl.
4:25 of 1st period - Stopped by Semyon Varlamov without a rebound.
4:26 of 1st period - Sebastian Aho wins face-off versus Leon Draisaitl in Nordiques zone.
4:26 of 1st period - Sebastian Aho is hit by Travis Konecny.
5:13 of 1st period - Snap shot by Kirby Dach.
5:13 of 1st period - Stopped by Juuse Saros without a rebound.
5:14 of 1st period - Logan Couture wins face-off versus Marco Rossi in Flyers zone.
5:18 of 1st period - Off-side.
5:19 of 1st period - Leon Draisaitl wins face-off versus Lucas Raymond in neutral zone.
5:51 of 1st period - Backhand shot by Nicklas Backstrom.
5:51 of 1st period - Shot Blocked by Brock Faber.
7:21 of 1st period - Wrist shot by Wyatt Johnston.
7:21 of 1st period - Shot Misses the Net.
7:23 of 1st period - Snap shot by Aaron Ekblad.
7:23 of 1st period - Shot Misses the Net.
7:41 of 1st period - Snap shot by Kevin Fiala.
7:41 of 1st period - Deflect By Dylan Cozens.
7:41 of 1st period - Shot Misses the Net.
7:41 of 1st period - Puck is out of play.
7:42 of 1st period - Sebastian Aho wins face-off versus Scott Laughton in Nordiques zone.
8:07 of 1st period - John Marino is hit by Pius Suter and loses puck.
8:16 of 1st period - Snap shot by Joel Farabee.
8:16 of 1st period - Stopped by Juuse Saros with a rebound.
8:36 of 1st period - Snap shot by Logan Couture.
8:36 of 1st period - Stopped by Semyon Varlamov with a rebound.
8:38 of 1st period - Snap shot by Noah Hanifin.
8:38 of 1st period - Stopped by Semyon Varlamov with a rebound.
8:40 of 1st period - Slapshot by John Marino.
8:40 of 1st period - Shot Hit the Post.
8:42 of 1st period - Snap shot by Noah Hanifin.
8:42 of 1st period - Shot Misses the Net.
8:44 of 1st period - Slapshot by John Marino.
8:44 of 1st period - Stopped by Semyon Varlamov without a rebound.
8:45 of 1st period - Scott Laughton wins face-off versus Sebastian Aho in Nordiques zone.
8:46 of 1st period - Backhand shot by Gabriel Vilardi.
8:46 of 1st period - Stopped by Semyon Varlamov with a rebound.
9:12 of 1st period - Leon Draisaitl is hit by Joel Farabee.
9:13 of 1st period - Icing by Leon Draisaitl.
9:14 of 1st period - Nicklas Backstrom wins face-off versus Leon Draisaitl in Flyers zone.
9:24 of 1st period - Off-side.
9:25 of 1st period - Logan Couture wins face-off versus Alexander Wennberg in neutral zone.
9:50 of 1st period - Icing by Alexander Wennberg.
9:51 of 1st period - Scott Laughton wins face-off versus Marco Rossi in Nordiques zone.
9:52 of 1st period - Slapshot by Gabriel Vilardi.
9:52 of 1st period - Stopped by Semyon Varlamov without a rebound.
9:53 of 1st period - Scott Laughton wins face-off versus Marco Rossi in Nordiques zone.
9:56 of 1st period - Snap shot by Scott Laughton.
9:56 of 1st period - Stopped by Semyon Varlamov with a rebound.
9:58 of 1st period - Slapshot by MacKenzie Weegar.
9:58 of 1st period - Stopped by Semyon Varlamov with a rebound.
10:00 of 1st period - Snap shot by Scott Laughton.
10:00 of 1st period - Stopped by Semyon Varlamov without a rebound.
10:01 of 1st period - Leon Draisaitl wins face-off versus Sebastian Aho in Nordiques zone.
10:08 of 1st period - Wrist shot by Leon Draisaitl.
10:08 of 1st period - Deflect By Travis Konecny.
10:08 of 1st period - Shot Blocked by Shayne Gostisbehere.
10:08 of 1st period - Puck is out of play.
10:09 of 1st period - Leon Draisaitl wins face-off versus Sebastian Aho in Nordiques zone.
10:12 of 1st period - Wrist shot by Patrick Kane.
10:12 of 1st period - Shot Misses the Net.
10:26 of 1st period - Mattias Ekholm is hit by Leon Draisaitl.
10:31 of 1st period - Minor Penalty to Sebastian Aho for Tripping.
10:32 of 1st period - Paul Stastny wins face-off versus Leon Draisaitl in Nordiques zone.
11:04 of 1st period - Mattias Ekholm is hit by MacKenzie Weegar and loses puck.
12:03 of 1st period - MacKenzie Weegar is hit by Lucas Raymond and loses puck.
12:31 of 1st period - Penalty to Sebastian Aho is over, Sebastian Aho is back on ice.
13:15 of 1st period - Wyatt Johnston is hit by Alexander Wennberg and loses puck.
13:44 of 1st period - Snap shot by Paul Stastny.
13:44 of 1st period - Stopped by Juuse Saros without a rebound.
13:45 of 1st period - Wyatt Johnston wins face-off versus Paul Stastny in Flyers zone.
14:43 of 1st period - Alexander Wennberg is hit by Brock Faber and loses puck.
15:15 of 1st period - Icing by Mattias Ekholm.
15:16 of 1st period - Marco Rossi wins face-off versus Scott Laughton in Nordiques zone.
15:25 of 1st period - Wrist shot by Scott Laughton.
15:25 of 1st period - Stopped by Semyon Varlamov without a rebound.
15:26 of 1st period - Logan Couture wins face-off versus Nicklas Backstrom in Nordiques zone.
15:31 of 1st period - Wrist shot by Dylan Cozens.
15:31 of 1st period - Shot Misses the Net.
16:44 of 1st period - Off-side.
16:45 of 1st period - Sebastian Aho wins face-off versus Logan Couture in neutral zone.
17:00 of 1st period - Snap shot by Logan Couture.
17:00 of 1st period - Stopped by Semyon Varlamov with a rebound.
17:02 of 1st period - Slapshot by Kevin Fiala.
17:02 of 1st period - Stopped by Semyon Varlamov with a rebound.
17:12 of 1st period - MacKenzie Weegar is hit by Joel Farabee and loses puck.
17:38 of 1st period - Gabriel Vilardi is hit by Kirby Dach.
17:41 of 1st period - Off-side.
17:42 of 1st period - Scott Laughton wins face-off versus Sebastian Aho in neutral zone.
17:47 of 1st period - Slapshot by Gabriel Vilardi.
17:47 of 1st period - Stopped by Semyon Varlamov with a rebound.
17:55 of 1st period - Calle Jarnkrok is hit by Alexander Wennberg and loses puck.
18:08 of 1st period - Joel Farabee is hit by Kaiden Guhle and loses puck.
18:15 of 1st period - Wrist shot by Kevin Fiala.
18:15 of 1st period - Shot Blocked by Shayne Gostisbehere.
18:17 of 1st period - Snap shot by Kevin Fiala.
18:17 of 1st period - Shot Misses the Net.
18:31 of 1st period - Mattias Ekholm is hit by Joey Anderson and loses puck.
18:42 of 1st period - Backhand shot by John-Jason Peterka.
18:42 of 1st period - Shot Blocked by Shayne Gostisbehere.
18:44 of 1st period - Snap shot by John Marino.
18:44 of 1st period - Stopped by Semyon Varlamov with a rebound.
19:07 of 1st period - John Marino is hit by Pius Suter and loses puck.
19:14 of 1st period - Wrist shot by Joel Farabee.
19:14 of 1st period - Shot Misses the Net.
Goals for this period are 0 for Nordiques vs 0 for Flyers.
Shots for this period are 3 for Nordiques vs 16 for Flyers.

2nd period


0:01 of 2nd period - Logan Couture wins face-off versus Sebastian Aho in neutral zone.
0:14 of 2nd period - Wrist shot by Sebastian Aho.
0:14 of 2nd period - Shot Blocked by Kaiden Guhle.
0:16 of 2nd period - Snap shot by Alexander Wennberg.
0:16 of 2nd period - Shot Misses the Net.
0:35 of 2nd period - Wrist shot by Gabriel Vilardi.
0:35 of 2nd period - Deflect By Calle Jarnkrok.
0:35 of 2nd period - Shot Misses the Net.
0:35 of 2nd period - Puck is out of play.
0:36 of 2nd period - Alexander Wennberg wins face-off versus Leon Draisaitl in Nordiques zone.
1:03 of 2nd period - Minor Penalty to Sebastian Aho for Slashing.
1:04 of 2nd period - Paul Stastny wins face-off versus Leon Draisaitl in Nordiques zone.
1:21 of 2nd period - Wrist shot by Patrick Kane.
1:21 of 2nd period - Shot Misses the Net.
1:51 of 2nd period - Snap shot by Lucas Raymond.
1:51 of 2nd period - Stopped by Juuse Saros without a rebound.
1:52 of 2nd period - Leon Draisaitl wins face-off versus Lucas Raymond in Flyers zone.
2:11 of 2nd period - Alexander Wennberg is hit by Travis Konecny and loses puck.
2:18 of 2nd period - Snap shot by Travis Konecny.
2:18 of 2nd period - Shot Blocked by Martin Fehervary.
2:20 of 2nd period - Slapshot by Brock Faber.
2:20 of 2nd period - Shot Misses the Net.
2:22 of 2nd period - Wrist shot by Patrick Kane.
2:22 of 2nd period - Goal by Patrick Kane - Nordiques : 0 - Flyers : 1.
2:23 of 2nd period - Marco Rossi wins face-off versus Logan Couture in neutral zone.
2:50 of 2nd period - Off-side.
2:51 of 2nd period - Scott Laughton wins face-off versus Sebastian Aho in neutral zone.
3:06 of 2nd period - Slapshot by Sebastian Aho.
3:06 of 2nd period - Shot Misses the Net.
3:08 of 2nd period - Slapshot by Shayne Gostisbehere.
3:08 of 2nd period - Shot Blocked by Kaiden Guhle.
3:10 of 2nd period - Snap shot by Alexander Wennberg.
3:10 of 2nd period - Shot Misses the Net.
3:12 of 2nd period - Slapshot by Mattias Ekholm.
3:12 of 2nd period - Stopped by Juuse Saros with a rebound.
3:14 of 2nd period - Slapshot by Shayne Gostisbehere.
3:14 of 2nd period - Shot Blocked by Calle Jarnkrok.
3:24 of 2nd period - Slapshot by Gabriel Vilardi.
3:24 of 2nd period - Stopped by Semyon Varlamov with a rebound.
3:44 of 2nd period - Backhand shot by Gabriel Vilardi.
3:44 of 2nd period - Deflect By Calle Jarnkrok.
3:44 of 2nd period - Stopped by Semyon Varlamov without a rebound.
3:45 of 2nd period - Marco Rossi wins face-off versus Logan Couture in Nordiques zone.
4:01 of 2nd period - Snap shot by Dylan Cozens.
4:01 of 2nd period - Shot Blocked by Mattias Ekholm.
4:17 of 2nd period - Wrist shot by Patrick Kane.
4:17 of 2nd period - Stopped by Semyon Varlamov without a rebound.
4:18 of 2nd period - Nicklas Backstrom wins face-off versus Leon Draisaitl in Nordiques zone.
4:43 of 2nd period - Kevin Fiala is hit by Cole Smith.
4:47 of 2nd period - Snap shot by Logan Couture.
4:47 of 2nd period - Stopped by Semyon Varlamov without a rebound.
4:48 of 2nd period - Logan Couture wins face-off versus Paul Stastny in Nordiques zone.
4:58 of 2nd period - Icing by MacKenzie Weegar.
4:59 of 2nd period - Sebastian Aho wins face-off versus Logan Couture in Flyers zone.
6:00 of 2nd period - Wrist shot by Nicklas Backstrom.
6:00 of 2nd period - Stopped by Juuse Saros without a rebound.
6:01 of 2nd period - Scott Laughton wins face-off versus Sebastian Aho in Flyers zone.
6:04 of 2nd period - Backhand shot by Sebastian Aho.
6:04 of 2nd period - Shot Misses the Net.
6:35 of 2nd period - Snap shot by Leon Draisaitl.
6:35 of 2nd period - Shot Misses the Net.
6:37 of 2nd period - Snap shot by Noah Hanifin.
6:37 of 2nd period - Stopped by Semyon Varlamov with a rebound.
6:39 of 2nd period - Wrist shot by Noah Hanifin.
6:39 of 2nd period - Deflect By Leon Draisaitl.
6:39 of 2nd period - Shot Blocked by Mattias Ekholm.
6:39 of 2nd period - Puck is out of play.
6:40 of 2nd period - Marco Rossi wins face-off versus Wyatt Johnston in Nordiques zone.
7:32 of 2nd period - Sebastian Aho is hit by MacKenzie Weegar and loses puck.
7:45 of 2nd period - MacKenzie Weegar is hit by Sebastian Aho and loses puck.
8:08 of 2nd period - Wrist shot by Leon Draisaitl.
8:08 of 2nd period - Stopped by Semyon Varlamov with a rebound.
8:24 of 2nd period - Snap shot by Alex Newhook.
8:24 of 2nd period - Deflect By Noah Hanifin.
8:24 of 2nd period - Stopped by Juuse Saros with a rebound.
8:46 of 2nd period - Snap shot by Nils Hoglander.
8:46 of 2nd period - Deflect By Paul Stastny.
8:46 of 2nd period - Stopped by Juuse Saros without a rebound.
8:47 of 2nd period - Leon Draisaitl wins face-off versus Nicklas Backstrom in Flyers zone.
8:57 of 2nd period - Off-side.
8:58 of 2nd period - Scott Laughton wins face-off versus Sebastian Aho in neutral zone.
8:58 of 2nd period - Calle Jarnkrok is hit by Alexander Wennberg and loses puck.
9:24 of 2nd period - Mattias Ekholm is hit by Kaiden Guhle and loses puck.
10:17 of 2nd period - Travis Sanheim is hit by Scott Laughton and loses puck.
10:50 of 2nd period - Backhand shot by Kirby Dach.
10:50 of 2nd period - Stopped by Juuse Saros without a rebound.
10:51 of 2nd period - Leon Draisaitl wins face-off versus Marco Rossi in Flyers zone.
10:51 of 2nd period - Leon Draisaitl is hit by Mattias Ekholm.
10:57 of 2nd period - Snap shot by Leon Draisaitl.
10:57 of 2nd period - Stopped by Semyon Varlamov without a rebound.
10:58 of 2nd period - Sebastian Aho wins face-off versus Logan Couture in Nordiques zone.
11:03 of 2nd period - Snap shot by Logan Couture.
11:03 of 2nd period - Stopped by Semyon Varlamov without a rebound.
11:04 of 2nd period - Logan Couture wins face-off versus Sebastian Aho in Nordiques zone.
11:11 of 2nd period - Wrist shot by Kevin Fiala.
11:11 of 2nd period - Shot Blocked by Sebastian Aho.
11:13 of 2nd period - Wrist shot by Kevin Fiala.
11:13 of 2nd period - Shot Misses the Net.
11:15 of 2nd period - Snap shot by Logan Couture.
11:15 of 2nd period - Stopped by Semyon Varlamov without a rebound.
11:16 of 2nd period - Scott Laughton wins face-off versus Alexander Wennberg in Nordiques zone.
11:33 of 2nd period - Wrist shot by Alexander Wennberg.
11:33 of 2nd period - Stopped by Juuse Saros with a rebound.
11:43 of 2nd period - Snap shot by Nicklas Backstrom.
11:43 of 2nd period - Shot Misses the Net.
12:27 of 2nd period - Snap shot by Alex Newhook.
12:27 of 2nd period - Stopped by Juuse Saros with a rebound.
12:29 of 2nd period - Snap shot by Martin Fehervary.
12:29 of 2nd period - Stopped by Juuse Saros with a rebound.
12:31 of 2nd period - Slapshot by Martin Fehervary.
12:31 of 2nd period - Stopped by Juuse Saros without a rebound.
12:32 of 2nd period - Alex Newhook wins face-off versus Patrick Kane in Flyers zone.
13:01 of 2nd period - Snap shot by Calle Jarnkrok.
13:01 of 2nd period - Deflect By Scott Laughton.
13:01 of 2nd period - Stopped by Semyon Varlamov with a rebound.
13:03 of 2nd period - Wrist shot by Scott Laughton.
13:03 of 2nd period - Stopped by Semyon Varlamov without a rebound.
13:04 of 2nd period - Alexander Wennberg wins face-off versus Logan Couture in Nordiques zone.
13:21 of 2nd period - Slapshot by Sebastian Aho.
13:21 of 2nd period - Shot Hit the Post.
14:59 of 2nd period - Aaron Ekblad is hit by Philippe Myers and loses puck.
15:20 of 2nd period - Snap shot by Patrick Kane.
15:20 of 2nd period - Stopped by Semyon Varlamov with a rebound.
15:49 of 2nd period - Snap shot by Kirby Dach.
15:49 of 2nd period - Deflect By Dylan Cozens.
15:49 of 2nd period - Stopped by Juuse Saros without a rebound.
15:50 of 2nd period - Scott Laughton wins face-off versus Alexander Wennberg in Flyers zone.
15:57 of 2nd period - Mattias Ekholm is hit by Calle Jarnkrok and loses puck.
16:16 of 2nd period - Travis Konecny is hit by Joel Farabee and loses puck.
16:25 of 2nd period - Snap shot by Nicklas Backstrom.
16:25 of 2nd period - Stopped by Juuse Saros without a rebound.
16:26 of 2nd period - Logan Couture wins face-off versus Nicklas Backstrom in Flyers zone.
16:32 of 2nd period - Off-side.
16:33 of 2nd period - Nicklas Backstrom wins face-off versus Dylan Cozens in neutral zone.
16:58 of 2nd period - Wrist shot by Kirby Dach.
16:58 of 2nd period - Goal by Kirby Dach - Nordiques : 1 - Flyers : 1.
16:59 of 2nd period - Sebastian Aho wins face-off versus Leon Draisaitl in neutral zone.
17:06 of 2nd period - Wrist shot by Sebastian Aho.
17:06 of 2nd period - Stopped by Juuse Saros without a rebound.
17:07 of 2nd period - Leon Draisaitl wins face-off versus Sebastian Aho in Flyers zone.
17:16 of 2nd period - Wrist shot by Leon Draisaitl.
17:16 of 2nd period - Stopped by Semyon Varlamov without a rebound.
17:17 of 2nd period - Scott Laughton wins face-off versus Alexander Wennberg in Nordiques zone.
17:30 of 2nd period - Slapshot by Shayne Gostisbehere.
17:30 of 2nd period - Shot Hit the Post.
17:32 of 2nd period - Snap shot by Lucas Raymond.
17:32 of 2nd period - Shot Blocked by Kaiden Guhle.
17:51 of 2nd period - Slapshot by Marco Rossi.
17:51 of 2nd period - Deflect By Kirby Dach.
17:51 of 2nd period - Stopped by Juuse Saros without a rebound.
17:52 of 2nd period - Nicklas Backstrom wins face-off versus Leon Draisaitl in Flyers zone.
18:02 of 2nd period - Icing by Leon Draisaitl.
18:03 of 2nd period - Leon Draisaitl wins face-off versus Sebastian Aho in Flyers zone.
18:08 of 2nd period - Slapshot by Sebastian Aho.
18:08 of 2nd period - Shot Misses the Net.
18:10 of 2nd period - Slapshot by Mattias Ekholm.
18:10 of 2nd period - Deflect By John Marino.
18:10 of 2nd period - Stopped by Juuse Saros with a rebound.
19:09 of 2nd period - Wrist shot by Sebastian Aho.
19:09 of 2nd period - Deflect By Lucas Raymond.
19:09 of 2nd period - Shot Misses the Net.
19:09 of 2nd period - Puck is out of play.
19:10 of 2nd period - Nicklas Backstrom wins face-off versus Logan Couture in Flyers zone.
19:44 of 2nd period - Kaiden Guhle is hit by Pius Suter and loses puck.
19:53 of 2nd period - Slapshot by Joel Farabee.
19:53 of 2nd period - Stopped by Juuse Saros without a rebound.
19:54 of 2nd period - Scott Laughton wins face-off versus Marco Rossi in Flyers zone.
Goals for this period are 1 for Nordiques vs 1 for Flyers.
Shots for this period are 17 for Nordiques vs 14 for Flyers.

3rd period


0:01 of 3rd period - Logan Couture wins face-off versus Sebastian Aho in neutral zone.
0:32 of 3rd period - Slapshot by Scott Laughton.
0:32 of 3rd period - Stopped by Semyon Varlamov without a rebound.
0:33 of 3rd period - Marco Rossi wins face-off versus Scott Laughton in Nordiques zone.
0:43 of 3rd period - Off-side.
0:44 of 3rd period - Dylan Cozens wins face-off versus Sebastian Aho in neutral zone.
1:38 of 3rd period - Wrist shot by John-Jason Peterka.
1:38 of 3rd period - Shot Misses the Net.
2:00 of 3rd period - Mattias Ekholm is hit by Brock Faber and loses puck.
2:57 of 3rd period - Gabriel Vilardi is hit by Paul Stastny and loses puck.
5:44 of 3rd period - Alex Newhook is hit by Travis Konecny and loses puck.
5:56 of 3rd period - Off-side.
5:57 of 3rd period - Sebastian Aho wins face-off versus Calle Jarnkrok in neutral zone.
6:24 of 3rd period - Slapshot by Aaron Ekblad.
6:24 of 3rd period - Shot Misses the Net.
7:11 of 3rd period - Patrick Kane is hit by Travis Sanheim and loses puck.
7:34 of 3rd period - Snap shot by Lucas Raymond.
7:34 of 3rd period - Shot Blocked by MacKenzie Weegar.
7:44 of 3rd period - Snap shot by Nicklas Backstrom.
7:44 of 3rd period - Shot Misses the Net.
7:52 of 3rd period - Slapshot by Nicklas Backstrom.
7:52 of 3rd period - Shot Misses the Net.
8:27 of 3rd period - Snap shot by Wyatt Johnston.
8:27 of 3rd period - Stopped by Semyon Varlamov without a rebound.
8:28 of 3rd period - Wyatt Johnston wins face-off versus Sebastian Aho in Nordiques zone.
8:33 of 3rd period - Wrist shot by Wyatt Johnston.
8:33 of 3rd period - Shot Misses the Net.
8:59 of 3rd period - Joel Farabee is hit by Dylan Cozens and loses puck.
9:26 of 3rd period - Snap shot by Calle Jarnkrok.
9:26 of 3rd period - Stopped by Semyon Varlamov with a rebound.
9:32 of 3rd period - John Marino is hit by Kirby Dach and loses puck.
10:33 of 3rd period - Wrist shot by Logan Couture.
10:33 of 3rd period - Stopped by Semyon Varlamov without a rebound.
10:34 of 3rd period - Nicklas Backstrom wins face-off versus Dylan Cozens in Nordiques zone.
10:39 of 3rd period - Snap shot by Pius Suter.
10:39 of 3rd period - Shot Blocked by Dylan Cozens.
11:07 of 3rd period - Kevin Fiala is hit by Pius Suter and loses puck.
11:16 of 3rd period - Slapshot by Logan Couture.
11:16 of 3rd period - Stopped by Semyon Varlamov with a rebound.
11:32 of 3rd period - Slapshot by Aaron Ekblad.
11:32 of 3rd period - Deflect By Kevin Fiala.
11:32 of 3rd period - Stopped by Semyon Varlamov without a rebound.
11:33 of 3rd period - Sebastian Aho wins face-off versus Scott Laughton in Nordiques zone.
11:40 of 3rd period - Wrist shot by Lucas Raymond.
11:40 of 3rd period - Stopped by Juuse Saros without a rebound.
11:41 of 3rd period - Gabriel Vilardi wins face-off versus Sebastian Aho in Flyers zone.
12:26 of 3rd period - Kirby Dach is hit by Kaiden Guhle.
12:37 of 3rd period - Off-side.
12:38 of 3rd period - Paul Stastny wins face-off versus Scott Laughton in neutral zone.
13:25 of 3rd period - Slapshot by Paul Stastny.
13:25 of 3rd period - Goal by Paul Stastny - Nordiques : 2 - Flyers : 1.
13:26 of 3rd period - Leon Draisaitl wins face-off versus Sebastian Aho in neutral zone.
13:39 of 3rd period - MacKenzie Weegar is hit by Mattias Ekholm and loses puck.
13:52 of 3rd period - Nicklas Backstrom is hit by Scott Laughton and loses puck.
14:13 of 3rd period - Off-side.
14:14 of 3rd period - Logan Couture wins face-off versus Kirby Dach in neutral zone.
14:34 of 3rd period - Off-side.
14:35 of 3rd period - Leon Draisaitl wins face-off versus Sebastian Aho in neutral zone.
14:44 of 3rd period - Wrist shot by Travis Konecny.
14:44 of 3rd period - Shot Blocked by Alexander Wennberg.
15:15 of 3rd period - Calle Jarnkrok is hit by Pius Suter and loses puck.
15:51 of 3rd period - Logan Couture is hit by Paul Stastny and loses puck.
16:12 of 3rd period - Wrist shot by Leon Draisaitl.
16:12 of 3rd period - Stopped by Semyon Varlamov with a rebound.
16:14 of 3rd period - Slapshot by Patrick Kane.
16:14 of 3rd period - Shot Misses the Net.
16:16 of 3rd period - Wrist shot by Travis Konecny.
16:16 of 3rd period - Stopped by Semyon Varlamov with a rebound.
16:40 of 3rd period - Icing by Brock Faber.
16:41 of 3rd period - Marco Rossi wins face-off versus Scott Laughton in Flyers zone.
16:48 of 3rd period - Snap shot by Alex Newhook.
16:48 of 3rd period - Shot Misses the Net.
16:50 of 3rd period - Slapshot by Kirby Dach.
16:50 of 3rd period - Stopped by Juuse Saros without a rebound.
16:51 of 3rd period - Scott Laughton wins face-off versus Marco Rossi in Flyers zone.
17:16 of 3rd period - Alexander Wennberg is hit by Travis Konecny and loses puck.
17:44 of 3rd period - Backhand shot by John-Jason Peterka.
17:44 of 3rd period - Shot Misses the Net.
17:46 of 3rd period - Slapshot by Noah Hanifin.
17:46 of 3rd period - Shot Misses the Net.
18:20 of 3rd period - Snap shot by Kirby Dach.
18:20 of 3rd period - Stopped by Juuse Saros with a rebound.
18:38 of 3rd period - Slapshot by Sebastian Aho.
18:38 of 3rd period - Shot Misses the Net.
18:40 of 3rd period - Slapshot by Travis Sanheim.
18:40 of 3rd period - Deflect By Alexander Wennberg.
18:40 of 3rd period - Stopped by Juuse Saros without a rebound.
18:41 of 3rd period - Sebastian Aho wins face-off versus Scott Laughton in Flyers zone.
18:42 of 3rd period - Slapshot by Alexander Wennberg.
18:42 of 3rd period - Shot Misses the Net.
18:44 of 3rd period - Slapshot by Mattias Ekholm.
18:44 of 3rd period - Stopped by Juuse Saros with a rebound.
18:46 of 3rd period - Snap shot by Sebastian Aho.
18:46 of 3rd period - Stopped by Juuse Saros without a rebound.
18:47 of 3rd period - Jay Woodcroft call a timeout for Flyers.
18:47 of 3rd period - Scott Laughton wins face-off versus Sebastian Aho in Flyers zone.
19:02 of 3rd period - Flyers, Juuse Saros is pulled from the net.
19:14 of 3rd period - Slapshot by Mattias Ekholm.
19:14 of 3rd period - Shot Blocked by MacKenzie Weegar.
19:16 of 3rd period - Slapshot by Shayne Gostisbehere.
19:16 of 3rd period - Shot Misses the Net.
19:18 of 3rd period - Slapshot by Lucas Raymond.
19:18 of 3rd period - Goal by Lucas Raymond - Nordiques : 3 - Flyers : 1.
19:18 of 3rd period - Juuse Saros from Flyers was sent back in the game.
19:19 of 3rd period - Nicklas Backstrom wins face-off versus Wyatt Johnston in neutral zone.
19:21 of 3rd period - Off-side.
19:22 of 3rd period - Nicklas Backstrom wins face-off versus Wyatt Johnston in neutral zone.
19:25 of 3rd period - Slapshot by Shayne Gostisbehere.
19:25 of 3rd period - Stopped by Juuse Saros with a rebound.
Goals for this period are 2 for Nordiques vs 0 for Flyers.
Shots for this period are 9 for Nordiques vs 8 for Flyers.